 Dungeon Crawl Stone Soup version 0.28.0-45-g0d030f2227 (webtiles) character file.

Game seed: 134137185430348739

1938 Ablot the Cutter (level 9, -9/109 HPs)
             Began as a Gnoll Chaos Knight on Apr 16, 2022.
             Was a Plaything of Xom.
             Mangled by an ogre
             ... wielding a +0 giant club
              (26 damage)
             ... on level 6 of the Dungeon.
             The game lasted 00:11:24 (5645 turns).

Ablot the Cutter (Gnoll Chaos Knight)               Turns: 5645, Time: 00:11:24

Health: -9/109     AC: 15    Str: 14    XL:     9   Next: 18%
Magic:  15/15      EV: 12    Int: 14    God:    Xom [*.....]
Gold:   143        SH:  5    Dex: 11    Spells: 14/16 levels left

rFire   . . .      SeeInvis .   a - +0 short sword (chaos)
rCold   + . .      Faith    .   A - orb {*Rage}
rNeg    . . .      Spirit   .   v - +2 ring mail {rC+}
rPois   .          Reflect  +   (no helmet)
rElec   .          Harm     .   C - +0 cloak
rCorr   .          Rampage  .   h - +1 pair of gloves
Will    .....      Rage     20% (no boots)
Stlth   .......... Rnd*Tele +   n - amulet of reflection
HPRegen 0.28/turn               i - +4 ring of protection
MPRegen 0.14/turn               (no ring)

@: berserking, very quick
A: fangs 1, strong nose, distributed training, teleportitis 1
a: Renounce Religion


You were on level 6 of the Dungeon.
You worshipped Xom.
You were a special plaything of Xom.
You visited 1 branch of the dungeon, and saw 6 of its levels.
You also visited: Sewer.

You collected 143 gold pieces.

Inventory:

Hand Weapons
 a - a +0 short sword of chaos (weapon)
 j - the +9 short sword "Hofuonuept" {vorpal, Str+3 Int+2}
   (You found it on level 2 of the Dungeon)

   It inflicts extra damage upon your enemies.
   Str:       It affects your strength (+3).
   Int:       It affects your intelligence (+2).
 q - a +3 vampiric long sword
Missiles
 e - 142 stones
 l - 38 sling bullets
 r - 67 bolts
 t - 30 poisoned darts (quivered)
 y - 2 boomerangs
 F - 32 arrows
Armour
 h - a +1 pair of gloves (worn)
 v - a +2 ring mail of cold resistance (worn)
 A - an orb of wrath (worn)
 C - a +0 cloak (worn)
Jewellery
 i - a +4 ring of protection (left hand)
 n - an amulet of reflection (around neck)
Scrolls
 c - 2 scrolls of fear {unknown}
 d - 7 scrolls of identify {unknown}
 g - a scroll of torment {unknown}
 k - a scroll of vulnerability {unknown}
 w - a scroll of fog {unknown}
 z - a scroll of amnesia {unknown}
 B - a scroll of holy word {unknown}
 D - 2 scrolls of enchant weapon {unknown}
 G - a scroll of teleportation {unknown}
Potions
 b - a potion of ambrosia {unknown}
 f - a potion of flight {unknown}
 m - 4 potions of brilliance {unknown}
 o - a potion of lignification {unknown}
 p - 3 potions of heal wounds
 s - 3 potions of haste {unknown}
 u - 2 potions of mutation {unknown}
 x - a potion of resistance
 E - 2 potions of might {unknown}
 H - a potion of curing


   Skills:
 + Level 7.7 Fighting
 + Level 7.7 Short Blades
 + Level 4.0 Long Blades
 + Level 4.0 Axes
 + Level 4.0 Maces & Flails
 + Level 4.0 Polearms
 + Level 4.0 Staves
 + Level 4.0 Slings
 + Level 4.0 Bows
 + Level 4.0 Crossbows
 + Level 4.0 Throwing
 + Level 6.1 Armour
 + Level 4.8 Dodging
 + Level 4.0 Stealth
 + Level 4.0 Shields
 + Level 4.0 Unarmed Combat
 + Level 4.0 Spellcasting
 + Level 3.2 Conjurations
 + Level 3.2 Hexes
 + Level 3.2 Summonings
 + Level 3.2 Necromancy
 + Level 3.2 Translocations
 + Level 3.2 Transmutations
 + Level 3.2 Fire Magic
 + Level 3.2 Ice Magic
 + Level 3.2 Air Magic
 + Level 3.2 Earth Magic
 + Level 3.2 Poison Magic
 + Level 4.4 Invocations
 + Level 4.0 Evocations


You had 14 spell levels left.
You knew the following spells:

 Your Spells              Type           Power      Damage    Failure   Level
a - Passwall              Tmut/Erth      9%         N/A       14%         2

Your spell library contained the following spells:

 Spells                   Type           Power      Damage    Failure   Level
 Ensorcelled Hibernation  Hex/Ice        22%        N/A       14%         2
 Gell's Gravitas          Tloc           11%        N/A       28%         3
 Portal Projectile        Hex/Tloc       22%        N/A       28%         3
 Spider Form              Tmut/Pois      11%        N/A       28%         3
 Swiftness                Air            11%        N/A       28%         3
 Teleport Other           Tloc           11%        N/A       28%         3
 Anguish                  Hex/Necr       5%         N/A       67%         4
 Blade Hands              Tmut           5%         N/A       95%         5
 Excruciating Wounds      Necr           5%         N/A       95%         5
 Dispersal                Tloc           5%         N/A       100%        6


Dungeon Overview and Level Annotations

Branches:
Dungeon (6/15)             Temple (0/1) D:6           Sewer (visited)

Altars:

Shops:
D:6 =

Annotations:
D:6 Crazy Yiuf


Innate Abilities, Weirdness & Mutations

You have very sharp teeth.
Your uncanny sense of smell can sniff out nearby items.
Your experience applies equally to all skills.
You are occasionally teleported next to monsters.


Message History

The adder bites you but does no damage.
You barely miss the ogre. You bite the ogre, but do no damage.
The ogre is lightly wounded.
The adder closely misses you. The ogre closely misses you.
You hit the ogre.
The ogre is moderately wounded.
You block the adder's attack.
You barely miss the ogre.
The ogre is moderately wounded.
The ogre misses you. You block the adder's attack.
You hit the ogre.
The ogre is heavily wounded.
The adder bites you but does no damage.
You barely miss the ogre.
The ogre is heavily wounded.
The ogre hits you with a +0 giant club!
You hit the ogre but do no damage.
The ogre is heavily wounded.
The adder misses you.
You hit the ogre but do no damage.
The ogre suddenly seems more agile.
You bite the ogre, but do no damage.
The ogre is heavily wounded.
You recover from your berserk rage.
The adder misses you.
The ogre hits you with a +0 giant club!!
* * * LOW HITPOINT WARNING * * *
You closely miss the ogre. You bite the ogre, but do no damage.
The ogre is heavily wounded.
The adder bites you but does no damage. The ogre barely misses you.
A red film seems to cover your vision as you go berserk!
You feel yourself moving faster!
You feel mighty!
You hit the ogre.
The ogre goes berserk!
Xom is highly amused!
The ogre is heavily wounded.
The adder bites you but does no damage.
Unknown command.
You puncture the ogre!
The ogre is almost dead.
The ogre hits you with a +0 giant club!!
You die...

####... ...
...#...# ...
.∩.#...# #.##
..#...# ##....
#####...##....
......$....# ⌠.
...........#....
.......S........>
......O@..##.....
...........# .⌠..
.................
..........##.....
..........# #.# .
..........# ...
########### ..


You could see an ogre (berserk, agile) and an adder.

Vanquished Creatures
  Pikel (D:5)
  Edmund (D:5)
  A sky beast (D:5)
  A black bear (D:5)
  An ogre (D:5)
  2 centaurs (D:5)
  A kobold brigand (Sewer)
  3 phantoms
  A bullfrog (D:3)
  A centaur zombie (D:5)
  4 orc priests
  2 jellies (D:5)
  2 iguanas
  3 orc wizards
  4 adders
  A river rat (D:4)
  A shadow imp (D:5)
  A white imp (D:5)
  A worm (D:2)
  3 dart slugs
  16 orcs
  10 bats
  10 endoplasms
  5 giant cockroaches
  9 goblins
  6 hobgoblins
  8 jackals
  21 kobolds
  5 quokkas
  11 ball pythons
  3 frilled lizards
  6 rats
145 creatures vanquished.

Vanquished Creatures (collateral kills)
  An orc (D:4)
1 creature vanquished.

Vanquished Creatures (others)
  An orc priest (D:4)
  A kobold (Sewer)
  A fungus (Sewer)
  4 plants (Sewer)
7 creatures vanquished.

Grand Total: 153 creatures vanquished

Notes
Turn   | Place    | Note
-------+----------+-------------------------------------------
     0 | D:1      | Ablot the Gnoll Chaos Knight began the quest for the Orb.
     0 | D:1      | Reached XP level 1. HP: 23/23 MP: 1/1
   112 | D:1      | Reached XP level 2. HP: 29/29 MP: 2/2
   393 | D:1      | Found a faded altar of an unknown god.
   554 | D:1      | Reached XP level 3. HP: 35/35 MP: 3/3
   932 | D:1      | XOM: divination: magic mapping
   997 | D:2      | XOM: silly message
  1038 | D:2      | Reached skill level 1 in Invocations
  1050 | D:2      | Identified the +9 short sword "Hofuonuept" {vorpal, Str+3
                  | Int+2}
  1164 | D:2      | Reached skill level 1 in Long Blades
  1164 | D:2      | Reached skill level 1 in Axes
  1164 | D:2      | Reached skill level 1 in Maces & Flails
  1164 | D:2      | Reached skill level 1 in Polearms
  1164 | D:2      | Reached skill level 1 in Staves
  1164 | D:2      | Reached skill level 1 in Slings
  1164 | D:2      | Reached skill level 1 in Bows
  1164 | D:2      | Reached skill level 1 in Crossbows
  1164 | D:2      | Reached skill level 1 in Throwing
  1164 | D:2      | Reached skill level 1 in Stealth
  1164 | D:2      | Reached skill level 1 in Shields
  1164 | D:2      | Reached skill level 1 in Unarmed Combat
  1164 | D:2      | Reached skill level 1 in Spellcasting
  1164 | D:2      | Reached skill level 1 in Evocations
  1170 | D:2      | Reached XP level 4. HP: 40/41 MP: 5/5
  1243 | D:2      | XOM: silly message
  1956 | D:3      | Noticed a bullfrog
  1965 | D:3      | Killed a bullfrog
  1966 | D:3      | Reached skill level 1 in Conjurations
  1966 | D:3      | Reached skill level 1 in Hexes
  1966 | D:3      | Reached skill level 1 in Summonings
  1966 | D:3      | Reached skill level 1 in Necromancy
  1966 | D:3      | Reached skill level 1 in Translocations
  1966 | D:3      | Reached skill level 1 in Transmutations
  1966 | D:3      | Reached skill level 1 in Fire Magic
  1966 | D:3      | Reached skill level 1 in Ice Magic
  1966 | D:3      | Reached skill level 1 in Air Magic
  1966 | D:3      | Reached skill level 1 in Earth Magic
  1966 | D:3      | Reached skill level 1 in Poison Magic
  1966 | D:3      | Reached XP level 5. HP: 47/47 MP: 5/7
  2110 | D:3      | XOM: silly message
  2242 | D:4      | XOM: torment (16/47 hp)
  2244 | D:4      | XOM: fog
  2459 | D:4      | Found a glowing drain.
  2464 | Sewer    | Entered a sewer
  2666 | Sewer    | Noticed a kobold brigand
  2692 | Sewer    | Killed a kobold brigand
  2693 | Sewer    | Reached skill level 5 in Armour
  2693 | Sewer    | Reached XP level 6. HP: 20/53 MP: 8/8
  3370 | D:4      | XOM: god gift: 20 bolts
  3554 | D:4      | Reached XP level 7. HP: 48/59 MP: 10/10
  3694 | D:4      | XOM: give mutation
  3694 | D:4      | Gained mutation: You are occasionally teleported next to
                  | monsters. [Xom's mischief]
  3763 | D:4      | XOM: enchant monster (good)
  3802 | D:4      | XOM: summons friendly white imp
  3806 | D:4      | HP: 3/60 [something (11)]
  4319 | D:5      | Entered Level 5 of the Dungeon
  4375 | D:4      | XOM: scenery: summon butterflies
  4391 | D:4      | XOM: god gift: 2 murky emerald potions {god gift}
  4404 | D:5      | XOM: chaos upgrade
  4430 | D:5      | XOM: smoke on damage
  4440 | D:5      | Reached XP level 8. HP: 24/67 MP: 12/12
  4501 | D:5      | XOM: confuse monster(s)
  4744 | D:5      | XOM: 1-stop teleportation journey
  4780 | D:5      | Noticed Pikel
  4782 | D:5      | XOM: blink monster(s)
  4787 | D:5      | XOM: silly message
  4803 | D:5      | XOM: cast spell 'Summon Small Mammal'
  4806 | D:5      | Killed Pikel
  4919 | D:5      | Learned a level 2 spell: Passwall
  5090 | D:5      | XOM: cloud trail
  5277 | D:5      | XOM: potion effect (haste)
  5409 | D:5      | Noticed Edmund
  5422 | D:5      | XOM: confuse monster(s)
  5424 | D:5      | Killed Edmund
  5425 | D:5      | Reached XP level 9. HP: 73/73 MP: 14/14
  5615 | D:6      | Found a runed translucent door.
  5616 | D:6      | Noticed Crazy Yiuf
  5623 | D:6      | XOM: smoke on damage
  5625 | D:6      | Found Woiforru's Jewellery Boutique.
  5626 | D:6      | Found a staircase to the Ecumenical Temple.
  5645 | D:6      | Mangled by an ogre

Illustrated notes

Levels and vault maps discovered:
D:1:      lemuel_arrival_tunnels, layout_loops_cross,
          chequers_ecumenical_altar_simple
D:2:      minmay_evil_eye, layout_basic
D:3:      layout_basic, guppyfry_early_lair_pool
D:4:      layout_basic, gup_sewer_entry_spiral
D:5:      layout_loops_ring, hangedman_decor_push, uniq_pikel, uniq_edmund
D:6:      layout_basic, lemuel_crystal_altar, minmay_temple_entry_large_hall,
          serial_shops, nicolae_take_the_stairs, uniq_crazy_yiuf_cottage

Skill      XL: |  1  2  3  4  5  6  7  8  9 |
---------------+----------------------------+-----
Invocations    | 1 2 3 4 |  4.4
Long Blades    | 1 2 3 4 |  4.0
Axes           | 1 2 3 4 |  4.0
Maces & Flails | 1 2 3 4 |  4.0
Polearms       | 1 2 3 4 |  4.0
Staves         | 1 2 3 4 |  4.0
Slings         | 1 2 3 4 |  4.0
Bows           | 1 2 3 4 |  4.0
Crossbows      | 1 2 3 4 |  4.0
Throwing       | 1 2 3 4 |  4.0
Stealth        | 1 2 3 4 |  4.0
Shields        | 1 2 3 4 |  4.0
Unarmed Combat | 1 2 3 4 |  4.0
Spellcasting   | 1 2 3 4 |  4.0
Evocations     | 1 2 3 4 |  4.0
Conjurations   | 1 2 3 |  3.2
Hexes          | 1 2 3 |  3.2
Summonings     | 1 2 3 |  3.2
Necromancy     | 1 2 3 |  3.2
Translocations | 1 2 3 |  3.2
Transmutations | 1 2 3 |  3.2
Fire Magic     | 1 2 3 |  3.2
Ice Magic      | 1 2 3 |  3.2
Air Magic      | 1 2 3 |  3.2
Earth Magic    | 1 2 3 |  3.2
Poison Magic   | 1 2 3 |  3.2
Dodging        | 3 4 |  4.8
Armour         | 5 6 |  6.1
Fighting       | 7 |  7.7
Short Blades   | 7 |  7.7

Action                   |  1- 3 |  4- 6 |  7- 9 || total
-------------------------+-------+-------+-------++-------
Melee: Short sword       |    99 |   257 |   233 ||   589
       Bite              |     6 |    22 |    26 ||    54
       Punch             |     2 |     2 |     2 ||     6
Throw: Boomerang         |       |       |     7 ||     7
       Dart              |       |       |    13 ||    13
  Use: Potion            |       |       |     1 ||     1
 Stab: Sleeping          |     2 |     2 |       ||     4
Armor: Leather armour    |    29 |    74 |       ||   103
       Ring mail         |       |     8 |   104 ||   112
Dodge: Dodged            |    47 |   120 |   108 ||   275
Block: Other             |       |    54 |    11 ||    65
       Reflection        |       |     2 |     6 ||     8
       Orb               |       |       |    39 ||    39
